 Dungeon Crawl Stone Soup version 0.19.0-19-g8c6edcc (webtiles) character file.

20799 KarmaPolice the Fighter (level 12, -9/97 HPs)
             Began as a Vampire Skald on Nov 13, 2016.
             Was a High Priest of Kikubaaqudgha.
             Killed from afar by a manticore (24 damage)
             ... with a volley of spikes
             ... on level 12 of the Dungeon.
             The game lasted 01:03:03 (23443 turns).

KarmaPolice the Fighter (Vampire Skald)            Turns: 23443, Time: 01:03:04

Health: -9/97      AC:  0    Str: 11    XL:     12   Next: 48%
Magic:  7/18       EV: 24    Int: 16    God:    Kikubaaqudgha [*****.]
Gold:   737        SH:  0    Dex: 22    Spells: 5 memorised, 5 levels left

rFire  . . .     SeeInvis +     (weapon currently unavailable)
rCold  + . .     Gourm    .     (armour currently unavailable)
rNeg   + + .     Faith    .     (shield currently unavailable)
rPois  +         Spirit   .     (helmet currently unavailable)
rElec  .         Reflect  .     (cloak currently unavailable)
rCorr  .         Harm     .     (gloves currently unavailable)
MR     +....                    (boots currently unavailable)
Stlth  ++++......               (no amulet)
                                (ring currently unavailable)
                                (ring currently unavailable)

@: bat-form, infused (expiring), barbed spikes, flying, regenerating (expiring),
very quick
A: fangs 3, see invisible, berserk 1, (unbreathing)
a: End Transformation, Receive Corpses, Torment, Renounce Religion


You were on level 12 of the Dungeon.
You worshipped Kikubaaqudgha.
Kikubaaqudgha was extremely pleased with you.
You were thirsty.
You were in vampire-bat-form.
You visited 2 branches of the dungeon, and saw 14 of its levels.
You visited the Abyss 1 time.

You collected 737 gold pieces.

Inventory:

Hand Weapons
 a - a +0 falchion
 f - a +1 short sword of draining (melded)
 D - the +5 rapier "Mefunt" {flame, *Contam +Rage rF+ rN+}
   (You found it on level 6 of the Dungeon)

   It has been specially enchanted to burn those struck by it, causing extra
   injury to most foes and up to half again as much damage against particularly
   susceptible opponents.
   It protects you from fire.
   It protects you from negative energy.
   It lets you go berserk.
   It causes magical contamination when unequipped.
 F - the +1 short sword of Xuchajer {pain, rF+}
   (You found it on level 6 of the Dungeon)

   In the hands of one skilled in necromantic magic, it inflicts extra damage on
   living creatures.
   It protects you from fire.
Armour
 y - a +0 pair of boots (melded)
 A - a +2 ring mail of poison resistance
 C - a +3 leather armour (melded)
 H - a +1 pair of gloves (melded)
 M - a +1 hat of intelligence (melded)
Jewellery
 x - an uncursed ring of protection from magic
 B - an uncursed ring of protection from magic
 O - a ring of wizardry (melded)
 P - a +5 ring of strength (melded)
Wands
 q - a wand of polymorph (13/24)
 I - a wand of confusion (28/48)
 L - a wand of digging (24/24)
 Q - a wand of heal wounds (0/9)
 R - a wand of iceblast (2/15)
Scrolls
 g - 2 scrolls of teleportation
 i - a scroll of acquirement {unknown}
 l - a scroll of fear
 m - 2 scrolls of blinking
 n - 5 scrolls of remove curse
 p - a scroll of summoning {unknown}
 s - 2 scrolls of enchant armour
 v - a scroll of identify
 z - a scroll of fog {unknown}
 E - 2 scrolls of recharging
 K - 2 scrolls of enchant weapon {unknown}
 T - a scroll of random uselessness {unknown}
 Y - a scroll of magic mapping {unknown}
 Z - a scroll of holy word {unknown}
Potions
 d - 8 potions of blood
 e - 3 potions of might
 h - a potion of cure mutation
 j - 2 potions of heal wounds {unknown}
 k - 2 potions of agility {unknown}
 o - 2 potions of lignification {unknown}
 r - 3 potions of cancellation {unknown}
 t - a potion of haste
 u - 3 potions of flight {unknown}
 w - 2 potions of magic {unknown}
 S - a potion of mutation {unknown}
 U - a potion of berserk rage
 W - a potion of brilliance {unknown}
Books
 c - a book of Battle

   Spells                             Type                      Level
   a - Infusion                       Charms                       1
   b - Shroud of Golubria             Charms/Translocation         2
   c - Song of Slaying                Charms                       2
   d - Spectral Weapon                Hexes/Charms                 3
   e - Regeneration                   Charms/Necromancy            3
 G - Kikubaaqudgha's Tome of Unholy Rituals
   (Kikubaaqudgha gifted it to you on level 6 of the Dungeon)

   Spells                             Type                      Level
   a - Pain                           Necromancy                   1
   b - Corpse Rot                     Necromancy                   2
   c - Sublimation of Blood           Necromancy                   2
   d - Regeneration                   Charms/Necromancy            3
   e - Control Undead                 Necromancy                   4
 J - Kikubaaqudgha's Compendium of Stolen Souls
   (Kikubaaqudgha gifted it to you on level 9 of the Dungeon)

   Spells                             Type                      Level
   a - Excruciating Wounds            Charms/Necromancy            5
   b - Cigotuvi's Embrace             Necromancy                   5
   c - Dispel Undead                  Necromancy                   5
   d - Simulacrum                     Ice/Necromancy               6
   e - Death Channel                  Necromancy                   6
 N - a book of Misfortune

   Spells                             Type                      Level
   a - Confusing Touch                Hexes                        1
   b - Confuse                        Hexes                        3
   c - Gell's Gravitas                Hexes/Translocation          3
   d - Petrify                        Transmutation/Earth          4
   e - Metabolic Englaciation         Hexes/Ice                    5
   f - Yara's Violent Unravelling     Hexes/Transmutation          5
 V - a book of Fire

   Spells                             Type                      Level
   a - Ignite Poison                  Fire/Transmutation/Poison    3
   b - Fireball                       Conjuration/Fire             5
   c - Bolt of Fire                   Conjuration/Fire             6
   d - Delayed Fireball               Conjuration/Fire             7
   e - Ring of Flames                 Charms/Fire                  7
 X - a Fen Folio

   Spells                             Type                      Level
   a - Corpse Rot                     Necromancy                   2
   b - Stone Arrow                    Conjuration/Earth            3
   c - Leda's Liquefaction            Hexes/Earth                  4
   d - Summon Forest                  Summoning/Translocation      5
   e - Hydra Form                     Transmutation                6
   f - Summon Hydra                   Summoning                    7
Miscellaneous
 b - 2 phantom mirrors


   Skills:
 + Level 9.9 Fighting
 - Level 8.0(8.2) Short Blades
 - Level 2.5(5.2) Long Blades
 + Level 7.4 Armour
 + Level 4.7 Dodging
 - Level 4.2 Spellcasting
 + Level 9.8 Hexes
 - Level 7.3 Charms
 - Level 8.0 Necromancy
 - Level 4.0 Translocations


You had 5 spell levels left.
You knew the following spells:

 Your Spells              Type           Power        Failure   Level  Hunger
a - Infusion              Chrm           ####         1%          1    None
b - Shroud of Golubria    Chrm/Tloc      ###.......   2%          2    ##.....
c - Regeneration          Chrm/Necr      ####......   1%          3    ###....
d - Confuse               Hex            #####...     1%          3    ###....
e - Dispel Undead         Necr           ####....     17%         5    ######.


Dungeon Overview and Level Annotations

Branches:
Dungeon (13/15)            Temple (1/1) D:4            Lair (0/6) D:11
    Orc (0/2) D:9
 Vaults: D:13-14

Altars:
Ashenzari
Cheibriados
Dithmenos
Elyvilon
Fedhas
Gozag
Hepliaklqana
Kikubaaqudgha
Makhleb
Nemelex Xobeh
Okawaru
Ru
Sif Muna
Trog
Uskayaw
Vehumet
Xom
Yredelemnul
Zin
The Shining One


Innate Abilities, Weirdness & Mutations

You heal slowly.
You have razor-sharp teeth.
You have supernaturally acute eyesight. (SInv)
((You can survive without breathing.))
You tend to lose your temper in combat.


Message History

As you read the scroll of teleportation, it crumbles to dust.
You feel strangely unstable.
Unknown command.
Your magical infusion is running out.
Your skin is crawling a little less now.
Your surroundings suddenly seem different.
You turn into a vampire bat.
Your +1 short sword of draining melds into your body.
Your +1 hat of intelligence melds into your body.
Your +1 pair of gloves melds into your body.
Your +0 pair of boots melds into your body.
Your +3 leather armour melds into your body.
Your ring of wizardry melds into your body.
Your +5 ring of strength melds into your body.
You feel stupid.
You feel weaker.
The manticore flicks its tail.
The volley of spikes hits you!
The barbed spikes become lodged in your body.
You die...
Kikubaaqudgha rasps: "You have failed me!
Welcome... oblivion!"

#.#.##.#.#..#.#.# #.)..)).....#
#.#...........#.# #.############
#.#...........#.###.###(.......z
#........#..#.......(.((########
#.......<...#######.#####
#........##.# #(# ###......##.#
#.# #....####.#######.# ##...#
#....b....# #...# #########H#
#...# #...H...#
#...######.#####.#####
#....)...#># #.#...#
#...####.#.# #...#.# #....#
#...# ###...# ##.#.####'##
######.## #....##..[###...##[#


You could see a manticore.

Vanquished Creatures
  Nessos (D:12)
  2 hydras (D:12)
  Erolcha (D:9)
  Sonja (D:12)
  An unseen horror (D:11)
  2 hill giants
  An ugly thing (D:12)
  3 centaur zombies (D:12)
  Joseph (D:8)
  A gargoyle (D:11)
  A kobold demonologist (D:8)
  A komodo dragon (D:11)
  A queen bee (D:11)
  Prince Ribbit (D:6)
  5 slime creatures
  2 hippogriffs
  Sigmund (D:3)
  2 shadows
  Eustachio (D:5)
  9 yaks
  A hungry ghost (D:11)
  A steam dragon (D:11)
  2 vampire mosquitoes (D:9)
  Menkaure (D:5)
  Duvessa (D:6)
  4 water moccasins
  3 ice beasts
  3 sky beasts
  2 black bears
  4 orc warriors
  2 phantoms
  6 ogres
  4 centaurs
  5 crocodiles
  16 big kobolds
  5 bullfrogs
  Dowan (D:6)
  2 wyvern zombies (D:11)
  A scorpion (D:8)
  A wyvern skeleton (D:6)
  22 killer bees
  5 wights (D:12)
  5 howler monkeys
  2 crimson imps
  A quasit (D:12)
  5 centaur skeletons
  4 jellies
  9 orc priests
  A bullfrog zombie (D:11)
  A hound (D:11)
  5 bullfrog skeletons
  Jessica (D:3)
  6 iguanas
  Natasha (thrice) (D:4)
  Terence (D:3)
  11 orc wizards
  12 worker ants
  2 worker ant zombies
  Robin (D:3)
  13 adders
  3 shadow imps
  2 oozes
  2 adder skeletons
  A worm (D:4)
  13 dart slugs
  6 leopard geckos
  41 orcs
  2 ball pythons
  5 bats
  4 giant cockroaches
  13 goblins
  9 hobgoblins
  18 jackals
  29 kobolds
  3 quokkas
  4 frilled lizards
  A leopard gecko skeleton (D:4)
  A leopard gecko zombie (D:9)
  2 quokka skeletons
  10 rats
382 creatures vanquished.

Vanquished Creatures (others)
  7 plants (D:12)
  2 starspawn tentacles (Abyss:1)
9 creatures vanquished.

Grand Total: 391 creatures vanquished

Notes
Turn   | Place    | Note
-------+----------+-------------------------------------------
     0 | D:1      | KarmaPolice the Vampire Skald began the quest for the Orb.
     0 | D:1      | Reached XP level 1. HP: 16/16 MP: 3/3
   353 | D:1      | Reached XP level 2. HP: 10/22 MP: 5/5
  1168 | D:2      | Learned a level 2 spell: Shroud of Golubria
  1214 | D:2      | Reached XP level 3. HP: 22/27 MP: 2/6
  1926 | D:2      | Reached skill level 1 in Short Blades
  1926 | D:2      | Reached XP level 4. HP: 34/34 MP: 7/7
  2066 | D:2      | Learned a level 3 spell: Regeneration
  2380 | D:3      | Noticed Robin
  2707 | D:3      | Reached XP level 5. HP: 23/39 MP: 5/9
  3078 | D:3      | HP: 1/40 [orc priest/divine providence (11)]
  3538 | D:3      | Noticed Jessica
  3545 | D:3      | Noticed Terence
  3548 | D:3      | Killed Jessica
  3594 | D:3      | Killed Terence
  3921 | D:3      | Reached XP level 6. HP: 38/47 MP: 10/10
  4081 | D:3      | Noticed Sigmund
  4167 | D:3      | Killed Sigmund
  4167 | D:3      | Reached skill level 5 in Charms
  4167 | D:3      | Reached skill level 1 in Necromancy
  4783 | D:3      | Reached XP level 7. HP: 53/53 MP: 2/11
  5107 | D:3      | Killed Robin
  5553 | D:4      | Found a staircase to the Ecumenical Temple.
  5575 | Temple   | Entered the Ecumenical Temple
  5707 | Temple   | Became a worshipper of Kikubaaqudgha
  6032 | D:4      | Noticed Natasha
  6045 | D:4      | Killed Natasha
  6441 | D:4      | Noticed Natasha
  6447 | D:4      | Killed Natasha
  6792 | D:4      | Noticed Natasha
  6798 | D:4      | Killed Natasha
  7353 | D:5      | Entered Level 5 of the Dungeon
  7481 | D:5      | Reached XP level 8. HP: 60/61 MP: 5/12
  7576 | D:5      | Noticed Menkaure
  7591 | D:5      | Killed Menkaure
  7891 | D:5      | Reached skill level 5 in Fighting
  8012 | D:5      | Noticed Eustachio
  8097 | D:5      | Killed Eustachio
  8097 | D:5      | Reached skill level 5 in Short Blades
  8580 | D:6      | Got a steaming rapier
  8596 | D:5      | Identified the +5 rapier "Mefunt" {flame, *Contam +Rage rF+ rN+} (You found it on level 6 of the Dungeon)
  8868 | D:5      | Found a burning altar of Makhleb.
  8868 | D:5      | Found an iron altar of Okawaru.
  9333 | D:6      | Noticed Dowan
  9334 | D:6      | Noticed Duvessa
  9353 | D:6      | Killed Duvessa
  9353 | D:6      | Reached skill level 5 in Necromancy
  9362 | D:6      | Killed Dowan
  9487 | D:6      | Got a transparent short sword
  9499 | D:6      | Noticed Prince Ribbit
  9515 | D:6      | Identified the +1 short sword of Xuchajer {pain, rF+} (You found it on level 6 of the Dungeon)
  9529 | D:6      | Gained mutation: You tend to lose your temper in combat. [mutagenic glow]
  9628 | D:6      | Reached * piety under Kikubaaqudgha
  9628 | D:6      | Identified Kikubaaqudgha's Tome of Unholy Rituals (Kikubaaqudgha gifted it to you on level 6 of the Dungeon)
  9628 | D:6      | Received a gift from Kikubaaqudgha
  9639 | D:6      | Killed Prince Ribbit
  9639 | D:6      | Reached XP level 9. HP: 25/68 MP: 1/13
  9965 | D:6      | Found a bloodstained altar of Trog.
 10377 | D:7      | Found a deep blue altar of Sif Muna.
 10399 | D:6      | Reached skill level 1 in Armour
 11012 | D:7      | Found a shimmering altar of Xom.
 11915 | D:8      | Noticed a kobold demonologist
 11929 | D:8      | Killed a kobold demonologist
 11982 | D:8      | Reached ** piety under Kikubaaqudgha
 12036 | D:8      | Reached XP level 10. HP: 64/77 MP: 4/14
 12235 | D:8      | Noticed Joseph
 12256 | D:8      | Killed Joseph
 12439 | D:8      | You fall through a shaft for 2 floors!
 12439 | D:10     | Entered Level 10 of the Dungeon
 13778 | D:9      | Learned a level 3 spell: Confuse
 14024 | D:9      | Reached skill level 1 in Hexes
 14038 | D:9      | Noticed Erolcha
 14247 | D:9      | Found a staircase to the Orcish Mines.
 14307 | D:9      | Reached *** piety under Kikubaaqudgha
 14307 | D:9      | Identified Kikubaaqudgha's Compendium of Stolen Souls (Kikubaaqudgha gifted it to you on level 9 of the Dungeon)
 14307 | D:9      | Received a gift from Kikubaaqudgha
 14490 | D:9      | Killed Erolcha
 15307 | D:10     | You fall through a shaft!
 15856 | D:11     | Reached skill level 1 in Translocations
 15947 | D:11     | Reached XP level 11. HP: 63/86 MP: 1/17
 16336 | D:10     | Reached skill level 5 in Armour
 16468 | D:11     | Noticed an unseen horror
 16486 | D:11     | Killed an unseen horror
 16486 | D:11     | Reached skill level 5 in Hexes
 17088 | D:11     | Reached **** piety under Kikubaaqudgha
 17182 | D:11     | Found a staircase to the Lair.
 18065 | D:11     | Noticed a hill giant
 18591 | D:11     | Killed a hill giant
 18737 | D:12     | Noticed a white ugly thing
 18737 | D:12     | Noticed a hill giant
 20396 | D:12     | Killed a hill giant
 20396 | D:12     | Reached XP level 12. HP: 77/95 MP: 0/18
 20550 | D:12     | Learned a level 5 spell: Dispel Undead
 20569 | D:12     | Noticed Nessos
 20574 | D:12     | Noticed a five-headed hydra
 20582 | D:12     | Noticed Sonja
 21242 | D:12     | Killed a five-headed hydra
 21357 | D:12     | Cast into level 1 of the Abyss (Sonja)
 21572 | Abyss:1  | Found a sparkling altar of Nemelex Xobeh.
 21599 | Abyss:1  | Noticed a hellephant
 21624 | Abyss:1  | Noticed a starcursed mass
 21674 | Abyss:1  | Noticed a lich
 21731 | Abyss:1  | Noticed a lich
 21869 | Abyss:1  | Noticed a tentacled starspawn
 21903 | Abyss:1  | Noticed a deep elf elementalist
 21940 | Abyss:1  | Noticed a red very ugly thing
 22064 | Abyss:1  | Noticed a tentacled starspawn
 22106 | D:12     | Escaped the Abyss
 22130 | D:12     | Killed Sonja
 22190 | D:12     | Noticed a five-headed hydra
 22398 | D:12     | Killed a five-headed hydra
 22635 | D:12     | Killed Nessos
 22824 | D:12     | Reached ***** piety under Kikubaaqudgha
 23443 | D:12     | Killed from afar by a manticore

Skill      XL: |  1  2  3  4  5  6  7  8  9 10 11 12 |
---------------+-------------------------------------+-----
Fighting       | 2 3 4 5 6 8 9 |  9.9
Short Blades   | 1 2 3 4 6 7 8 |  8.0
Charms         | 4 5 6 7 |  7.3
Spellcasting   | 3 4 |  4.2
Necromancy     | 2 3 5 7 8 |  8.0
Armour         | 3 4 6 7 |  7.4
Hexes          | 4 8 9 |  9.8
Translocations | 1 4 |  4.0
Dodging        | 2 4 |  4.7
Long Blades    | |  2.5

Action                   |  1- 3 |  4- 6 |  7- 9 | 10-12 || total
-------------------------+-------+-------+-------+-------++-------
Melee: Short sword       |    86 |    91 |   518 |  1095 ||  1790
       Falchion          |     8 |       |       |       ||     8
       Bite              |     5 |    10 |    78 |   162 ||   255
       Unarmed           |       |       |    12 |    12 ||    24
       Rapier            |       |       |    50 |       ||    50
 Cast: Infusion          |     2 |    10 |    24 |    71 ||   107
       Shroud of Golubri |       |     4 |    14 |    38 ||    56
       Regeneration      |       |       |    15 |    65 ||    80
       Confuse           |       |       |       |    24 ||    24
 Abil: Bat Form          |       |     3 |     4 |    36 ||    43
       End Transformatio |       |     3 |     4 |    35 ||    42
Evoke: Wand              |       |       |       |     7 ||     7
  Use: Potion            |       |     5 |     8 |    21 ||    34
       Scroll            |       |       |     2 |    20 ||    22
 Stab: Sleeping          |     7 |     3 |    10 |     4 ||    24
       Distracted        |       |     1 |       |     2 ||     3
       Confused          |       |       |       |    16 ||    16
  Eat: Corpse            |       |     3 |     8 |    13 ||    24
Armor: Leather armour    |    28 |     7 |   135 |   314 ||   484
Dodge: Dodged            |    57 |    45 |   299 |   556 ||   957
       Rpst.: Falchion   |     3 |       |       |       ||     3
